 Dungeon Crawl Stone Soup version 0.31-a0-620-gd1cbd99268 (webtiles) character file.

Game seed: 10872603174449686162

29 MacCMillion the Changeling (level 3, 15/15 HPs)
             Began as a Felid Shapeshifter on Aug 23, 2023.
             Quit the game on level 2 of the Dungeon.
             The game lasted 00:01:19 (833 turns).

MacCMillion the Changeling (Felid Shapeshifter)      Turns: 833, Time: 00:01:19

Health: 15/15      AC:  1    Str: 13    XL:     3   Next: 1%
Magic:  4/4        EV: 17    Int:  9    God:
Gold:   98         SH:  0    Dex: 16    Spells: 2/2 levels left
                                        Lives:  1   Deaths: 0

rFire   . .          .
                       - Unarmed
rCold   . . .        (shield unavailable)
rNeg    . . .        (body armour unavailable)
rPois   .            (helmet unavailable)
rElec   .            (cloak unavailable)
rCorr   .            (gloves unavailable)
SInv    +            (boots unavailable)
Will    .....        (no amulet)
Stlth   ++           (no ring)
HPRegen 0.22/turn    (no ring)
MPRegen 0.09/turn

%: no passive effects
@: beast-form, quick
A: beast (slay +1), very small, claws 1, fangs 3, see invisible, speed 1, shaggy
fur 1, stealthy paws, no weapons or thrown items, no armour, multi-lived
a: Begin Untransformation


You were on level 2 of the Dungeon.
You were a hulking beast.
You visited 1 branch of the dungeon, and saw 2 of its levels.

You collected 98 gold pieces.

Inventory:

Talismans
 b - a beast talisman (active)
 c - a flux talisman
Scrolls
 d - a scroll of revelation {unknown}
 e - 2 scrolls of fog {unknown}
 f - a scroll of fear {unknown}
Potions
 a - a potion of lignification
 g - a potion of heal wounds {unknown}


   Skills:
 - Level 1.2 Fighting
 - Level 2.9 Dodging
 + Level 3.3 Stealth
 - Level 3.1 Unarmed Combat
 - Level 3.3 Shapeshifting


You had 2 spell levels left.
You didn't know any spells.
Your spell library was empty.

Dungeon Overview and Level Annotations

Branches:
Dungeon (2/15)

Altars:


Innate Abilities, Weirdness & Mutations

You are a hulking beast.
Your limbs bulge with bestial killing power. (Slay +1)
You have sharp claws.
You have razor-sharp teeth.
You have supernaturally acute eyesight. (SInv)
You cover ground quickly. (Speed+)
You are covered in fur. (AC +1)
Your paws help you pounce on unaware monsters.
You are incapable of wielding weapons or throwing items.
You cannot wear armour.
You gain extra lives every three experience levels.


Message History

The goblin misses you.
You closely miss the goblin. The goblin hits you with a +0 club.
You scratch the goblin.
The goblin is severely wounded.
The goblin hits you with a +0 club.
You scratch the goblin.
You kill the goblin!
No target in view!
You see here a +0 club.
You start resting.
HP restored.
Found a stone staircase leading down.
Found a robe.
As you open the large door, it creaks loudly!
You hear an angry hiss.
A frilled lizard comes into view.
A frilled lizard is nearby!
There is a large open door here.
There is a large open door here.
There is a large open door here.
You miss the frilled lizard. The frilled lizard closely misses you.
You barely miss the frilled lizard.
A bat comes into view.
The frilled lizard closely misses you.
The bat moves out of view.
You scratch the frilled lizard.
You kill the frilled lizard!
No target in view!
There is a large open door here.
A bat is nearby!
A bat is nearby!
A bat is nearby!
Found a runed peridot ring.
A giant cockroach comes into view.
The bat closely misses you.
You claw the bat!
You kill the bat!
You have reached level 3!
Your experience leads to an increase in your attributes!
Increase (S)trength, (I)ntelligence, or (D)exterity?
You feel stronger. x2
Are you sure you want to abandon this character and quit the game? (Confirm with "yes".)

.......# .......#
.......# ######## ######
#################.....#
.......##.............#
.......##.............##
.......''...........B...
.....[.##.......h†....#
.......##.......=.....#
.......##.............#
###.#####.............#
.##.# #.............#
.##.# #........######
.##.# ########## ....#
.).##


You could see a giant cockroach (asleep).

Vanquished Creatures
  2 ball pythons (D:1)
  An endoplasm (D:1)
  A giant cockroach (D:1)
  3 goblins (D:2)
  5 hobgoblins
  2 jackals (D:1)
  A kobold (D:1)
  A quokka (D:1)
  4 bats
  2 frilled lizards
  3 rats
25 creatures vanquished.

Notes
Turn   | Place    | Note
-------+----------+-------------------------------------------
     0 | D:1      | MacCMillion the Felid Shapeshifter began the quest for the
                  | Orb.
     0 | D:1      | Reached XP level 1. HP: 9/9 MP: 2/2
    77 | D:1      | Reached skill level 1 in Stealth
   100 | D:1      | Reached XP level 2. HP: 12/12 MP: 3/3
   833 | D:2      | Reached XP level 3. HP: 15/15 MP: 4/4
   833 | D:2      | Quit the game

Illustrated notes

Levels and vault maps discovered:
D:1:      mrwooster_arrival_statue, layout_loops_cross
D:2:      layout_basic, hellmonk_ecumenical_altar_inner_sanctum,
          hangedman_feature_mirror, uniq_sigmund

Skill      XL: |  1  2 |
---------------+-------+-----
Stealth        | 1 3 |  3.3
Fighting       | |  1.2
Dodging        | |  2.9
Unarmed Combat | |  3.1
Shapeshifting  | |  3.3

Action                     || total
---------------------------++-------
  Melee: Unarmed           ||    34
         Bite              ||     4
   Stab: Sleeping          ||     6
 Armour: Skin              ||     1
  Dodge: Dodged            ||    13

Table legend: (Time is in decaauts)
 A = Elapsed time spent in this place.
 B = Non-inter-level travel time spent in this place.
 C = Inter-level travel time spent in this place.
 D = Time resting spent in this place.
 E = Time spent auto-exploring this place.
 F = Levels seen in this place.
 G = Mean time per level.
                   A        B        C        D        E       F      G
               +--------+--------+--------+--------+--------+-----+--------+
         Total |    686 |    644 |     42 |     33 |    455 |   2 |  343.0 |
       Dungeon |    686 |    644 |     42 |     33 |    455 |   2 |  343.0 |
               +--------+--------+--------+--------+--------+-----+--------+

Top non-repeatable levels by time:
     D:1: 568 daAuts
     D:2: 118 daAuts
